 Dungeon Crawl Stone Soup version 0.22-a0-469-gf26638a (webtiles) character file.

175 varam the Magician (level 5, -1/31 HPs)
             Began as an Octopode Wizard on June 12, 2018.
             Slain by Natasha (4 damage)
             ... on level 3 of the Dungeon.
             The game lasted 00:10:24 (4061 turns).

varam the Magician (Octopode Wizard)                Turns: 4061, Time: 00:10:25

Health: -1/31      AC:  1    Str:  6    XL:     5   Next: 55%
Magic:  1/11       EV: 14    Int: 26    God:
Gold:   110        SH:  0    Dex: 11    Spells: 6/12 levels left

rFire    . . .     SeeInvis .   (no weapon)
rCold    . . .     Gourm    .   (no shield)
rNeg     . . .     Faith    .   a - +0 hat
rPois    .         Spirit   .   h - amulet of regeneration
rElec    .         Reflect  .   d - ring of teleportation (curse)
rCorr    .         Harm     .   (no ring)
MR       .....     Rnd*Tele +   (no ring)
Stlth    +++.......             (no ring)
HPRegen  0.10/turn              (no ring)
MPRegen  0.12/turn              (no ring)
                                (no ring)
                                (no ring)

@: brilliant
A: almost no armour, stealthy swim, amphibious, 8 rings, constrict 8, camouflage
1, gelatinous body 1
a: no special abilities


You were on level 3 of the Dungeon.
You were not hungry.

You visited 1 branch of the dungeon, and saw 3 of its levels.

You collected 110 gold pieces.

Inventory:

Hand Weapons
 g - a +2 dagger of holy wrath
Missiles
 i - 3 stones (quivered)
Armour
 a - a +0 hat (worn)
Jewellery
 d - a cursed ring of teleportation (left tentacle)
 h - an amulet of regeneration (around mantle)
Wands
 m - a wand of random effects (27)
Scrolls
 b - a scroll of noise {unknown}
 c - 2 scrolls of magic mapping
 n - a scroll of blinking {unknown}
 r - a scroll of identify
Potions
 k - a potion of mutation
 l - a potion of heal wounds {unknown}
 p - a potion of degeneration {unknown}
 q - a potion of curing
Comestibles
 e - 7 rations
 f - a chunk of flesh


   Skills:
 + Level 3.1 Dodging
 - Level 2.6 Stealth
 + Level 4.1 Spellcasting
 + Level 3.3 Conjurations
   Level 1.0 Summonings
 - Level 1.0 Translocations


You had 6 spell levels left.
You knew the following spells:

 Your Spells              Type           Power        Failure   Level  Hunger
a - Magic Dart            Conj           ####         1%          1    None
b - Blink                 Tloc           N/A          1%          2    None
c - Mephitic Cloud        Conj/Pois/Air  ####....     1%          3    ##.....

Your spell library contained the following spells:

 Spells                   Type           Power        Failure   Level  Hunger
 Conjure Flame            Conj/Fire      ####....     1%          3    ##.....
 Slow                     Hex            ###.....     1%          2    None
 Call Imp                 Summ           ####....     1%          2    None


Dungeon Overview and Level Annotations

Branches:
Dungeon (3/15)

Altars:

Annotations:
D:3 Natasha


Innate Abilities, Weirdness & Mutations

You cannot wear most types of armour.
You are very stealthy in the water. (Stealth+)
You are amphibious.
You can wear up to eight rings at the same time.
You can use your tentacles to constrict eight enemies at once.
Your skin changes colour to match your surroundings (Stealth+).
Your rubbery body absorbs attacks. (AC +1, EV +1)


Message History

Natasha, Servant of Life and Death comes into view.
A ball python comes into view.
Natasha casts a spell.
You tentacle-slap Natasha but do no damage.
Your grab misses Natasha. Your squeeze misses Natasha. Natasha misses you.
The white imp gestures at you. The puff of frost hits you!
Evoke which item? (* to show all) (? for menu, Esc to quit)
Aiming: Random Effects
Press: ? - help, Shift-Dir - straight line, f - Natasha
Aim: Natasha The fireball explodes!
The fireball engulfs Natasha.
Natasha is almost dead.
The fireball engulfs you!
* * * LOW HITPOINT WARNING * * *
The fireball engulfs the white imp.
The white imp is burned terribly!
The white imp is almost dead.
You hear a shout! x2
Natasha claws you.
You die...

#########
#.......#
#.#####.####
##......#
#.h@.##.#
#.5#.......
#..#.##.#.#
.?....# # #
###.....
#S#### .. #.


You could see Natasha, a white imp and a ball python (wandering).

Vanquished Creatures
  Jessica (D:3)
  6 adders
  An ooze (D:3)
  A worm (D:2)
  2 dart slugs (D:1)
  5 leopard geckos
  4 orcs
  3 ball pythons
  7 hobgoblins
  9 jackals
  A quokka (D:2)
  9 bats
  3 frilled lizards
  10 goblins
  10 kobolds
  5 rats
77 creatures vanquished.

Notes
Turn   | Place    | Note
-------+----------+-------------------------------------------
     0 | D:1      | varam the Octopode Wizard began the quest for the Orb.
     0 | D:1      | Reached XP level 1. HP: 11/11 MP: 4/4
   376 | D:1      | Reached XP level 2. HP: 6/17 MP: 4/6
   957 | D:1      | Reached XP level 3. HP: 13/21 MP: 0/8
  2339 | D:2      | Reached XP level 4. HP: 27/27 MP: 4/9
  3576 | D:3      | Noticed Jessica
  3583 | D:3      | Killed Jessica
  3583 | D:3      | Reached skill level 4 in Spellcasting
  3583 | D:3      | Reached XP level 5. HP: 31/31 MP: 5/11
  3744 | D:2      | Learned a level 2 spell: Blink
  3748 | D:2      | Learned a level 3 spell: Mephitic Cloud
  4057 | D:3      | Noticed Natasha
  4061 | D:3      | Slain by Natasha

Vault maps used:
D:1:      minmay_arrival_five_plusses, minmay_misc_feat_pillars,
          kennysheep_boxes
D:2:      first_ration
D:3:      serial_bayou_pond_b, uniq_natasha, uniq_jessica

Skill      XL: |  1  2  3  4  5 |
---------------+----------------+-----
Conjurations   | 2 3 |  3.3
Spellcasting   | 4 |  4.1
Dodging        | 3 |  3.1
Stealth        | |  2.6
Summonings     | |  1.0
Translocations | |  1.0

Action                   |  1- 3 |  4- 6 || total
-------------------------+-------+-------++-------
Melee: Unarmed           |    80 |    92 ||   172
       Constrict         |    23 |    23 ||    46
       Tentacles         |    10 |     9 ||    19
Throw: Stone             |     7 |     3 ||    10
 Cast: Magic Dart        |    49 |    55 ||   104
       Mephitic Cloud    |       |     3 ||     3
       Blink             |       |     1 ||     1
Evoke: Wand              |       |     1 ||     1
  Use: Scroll            |     3 |       ||     3
       Potion            |       |     3 ||     3
 Stab: Sleeping          |     5 |     9 ||    14
  Eat: Chunk             |     4 |     6 ||    10
Armor: Skin              |     8 |     5 ||    13
Dodge: Dodged            |    49 |    81 ||   130

Table legend:
 A = Spawn XP
 B = Non-spawn XP
 C = Spawn XP percentage of total XP
 D = Spawn monster count
 E = Non-spawn monster count
 F = Spawn count percentage of total count
 G = Total turns spent on level
                    A         B        C        D         E        F      G
               +---------+---------+-------+---------+---------+-------+---------
         Total |       0 |     251 |   0.0 |       0 |      77 |   0.0 |  4061
               +---------+---------+-------+---------+---------+-------+---------
           D:1 |       0 |      46 |   0.0 |       0 |      23 |   0.0 |  1649
           D:2 |       0 |      87 |   0.0 |       0 |      28 |   0.0 |  2029
           D:3 |       0 |     118 |   0.0 |       0 |      26 |   0.0 |   383
               +---------+---------+-------+---------+---------+-------+---------
